 Dungeon Crawl Stone Soup version 0.27.1-1-g398f81649c (webtiles) character file.

Game seed: 18164382734701136739

750 funkygono the Digger (level 7, -2/37 HPs)
             Began as a Gargoyle Earth Elementalist on Sept 16, 2021.
             Killed by divine providence
             ... invoked by an orc priest
              (14 damage)
             ... on level 5 of the Dungeon.
             The game lasted 00:12:26 (5568 turns).

funkygono the Digger (Gargoyle Earth Elementalist)  Turns: 5568, Time: 00:12:26

Health: -2/37      AC: 17    Str: 14    XL:     7   Next: 78%
Magic:  19/23      EV: 10    Int: 18    God:
Gold:   160        SH:  0    Dex: 10    Spells: 12/16 levels left

rFire    + . .     SeeInvis .   e - +0 whip
rCold    . . .     Faith    .   (no shield)
rNeg     + . .     Spirit   .   n - +4 ring mail "Sewoot" {rF+ rCorr MP+9 Str+3}
rPois    ∞         Reflect  .   a - +2 helmet
rElec    +         Harm     .   (no cloak)
rCorr    +         Rampage  .   (no gloves)
Will     .....                  (no boots)
Stlth    +.........             (no amulet)
HPRegen  0.12/turn              (no ring)
MPRegen  0.18/turn              (no ring)

@: no status effects
A: sickness immunity, AC +4, negative energy resistance 1, electricity
resistance, torment resistance 1, petrification resistance
a: no special abilities


You were on level 5 of the Dungeon.
You visited 1 branch of the dungeon, and saw 5 of its levels.

You collected 160 gold pieces.

Inventory:

Hand Weapons
 e - a +0 whip (weapon)
Missiles
 h - 46 stones
Armour
 a - a +2 helmet (worn)
 b - a +0 robe
 n - the +4 ring mail "Sewoot" (worn) {rF+ rCorr MP+9 Str+3}
   (You found it on level 4 of the Dungeon)

   Str:       It affects your strength (+3).
   rF:        It protects you from fire.
   MP:        It affects your magic capacity (+9).
   rCorr:     It protects you from acid and corrosion.
Wands
 f - a wand of iceblast (10)
 j - a wand of digging (3)
Scrolls
 k - 3 scrolls of teleportation
 m - a scroll of identify
Potions
 c - a potion of haste {unknown}
 d - a potion of flight {unknown}
 g - 2 potions of curing {unknown}
 i - a potion of invisibility {unknown}
 l - 2 potions of might


   Skills:
 + Level 0.3 Fighting
 + Level 1.4 Maces & Flails
 * Level 2.1 Armour
 + Level 2.0 Dodging
 - Level 2.1 Stealth
 * Level 5.1 Spellcasting
 + Level 1.2 Conjurations
 - Level 0.7 Transmutations
 * Level 7.2 Earth Magic


You had 12 spell levels left.
You knew the following spells:

 Your Spells              Type           Power      Damage    Failure   Level
a - Sandblast             Erth           60%        2d14      1%          1
b - Stone Arrow           Conj/Erth      38%        3d9       14%         3

Your spell library contained the following spells:

 Spells                   Type           Power      Damage    Failure   Level
 Passwall                 Tmut/Erth      15%        N/A       8%          2
 Petrify                  Tmut/Erth      19%        N/A       45%         4


Dungeon Overview and Level Annotations

Branches:
Dungeon (5/15)
 Temple: D:4-7

Altars:

Shops:
D:2 !


Innate Abilities, Weirdness & Mutations

You are immune to sickness and miasma.
Your stone body is resilient. (AC +4)
You are immune to poison.
You resist negative energy. (rN+)
You are resistant to electric shocks. (rElec)
You are resistant to unholy torment.
You are immune to petrification.


Message History

There is an open door here.
You hit the orc.
The orc is heavily wounded.
The orc barely misses you.
You hit the orc.
You kill the orc!
You hit the orc.
The orc is severely wounded.
The orc closely misses you.
Casting: Sandblast (safe; 1% risk of failure)
Confirm with . or Enter, or press ? or * to list all spells.
The spell is quite dangerous to cast (14% risk of failure)!
Continue anyway?
Aiming: Stone Arrow (quite dangerous; 14% risk of failure)
Press: ? - help, Shift-Dir - straight line, f - orc
Aim: an orc, wielding a +0 club (severely wounded, 68% to hit)
The stone arrow hits the orc!
You kill the orc!
Unknown command.
You hit the ogre.
The ogre is lightly wounded.
The ogre closely misses you.
You hit the ogre but do no damage.
The ogre is lightly wounded.
The ogre closely misses you.
You hit the ogre.
The ogre is moderately wounded.
The ogre hits you with a +0 giant club!
You barely miss the ogre.
The ogre is moderately wounded.
Casting: Stone Arrow (quite dangerous; 14% risk of failure)
Confirm with . or Enter, or press ? or * to list all spells.
Aiming: Sandblast (safe; 1% risk of failure)
Press: ? - help, Shift-Dir - straight line, f - ogre
Aim: an ogre, wielding a +0 giant club (moderately wounded, 91% to hit)
The blast of sand hits the ogre!!
The ogre is almost dead.
The ogre hits you with a +0 giant club!
The orc priest invokes the aid of Beogh against you.
Beogh smites you!
You die...

###########
##.........###
#......###.#.########..
#..###.###.............
#####..........######.#
#^#.#..###....##
#'#'#P.###.#@## #.#
#...'..)†..#O# ...
#...#P.#####o#
####.#### #...#..#
##O## #.......#
#####..# ##...##
#.##.##.#
#.########.....##
#.##)##.# #....
##.......## #..#.##.#
##....
#.........####....##.#
.....
+.........'..........†


You could see 2 ogres and an orc priest.

Vanquished Creatures
  A water moccasin (D:5)
  A black bear (D:4)
  A phantom (D:5)
  A water moccasin skeleton (D:4)
  A howler monkey (D:5)
  2 hounds (D:5)
  An orc priest (D:5)
  2 iguanas
  Natasha (twice) (D:2)
  A killer bee zombie (D:5)
  A howler monkey zombie (D:5)
  Robin (D:2)
  A gnoll (D:5)
  4 adders
  2 adder skeletons (D:4)
  2 worms
  A dart slug (D:2)
  15 orcs
  7 endoplasms
  3 giant cockroaches
  9 hobgoblins
  6 jackals
  5 kobolds
  4 quokkas
  7 ball pythons
  6 bats
  2 frilled lizards (D:1)
  11 goblins
  A rat (D:3)
101 creatures vanquished.

Notes
Turn   | Place    | Note
-------+----------+-------------------------------------------
     0 | D:1      | funkygono the Gargoyle Earth Elementalist began the quest
                  | for the Orb.
     0 | D:1      | Reached XP level 1. HP: 10/10 MP: 3/3
   406 | D:1      | Reached XP level 2. HP: 15/15 MP: 1/5
   475 | D:1      | Found a faded altar of an unknown god.
   477 | D:1      | Reached skill level 4 in Earth Magic
   798 | D:2      | Found Miq Da Rim's Distillery.
   966 | D:2      | Reached XP level 3. HP: 10/19 MP: 1/6
   970 | D:2      | Learned a level 3 spell: Stone Arrow
  1237 | D:2      | Noticed Robin
  1264 | D:2      | Killed Robin
  1467 | D:2      | Noticed Natasha
  1477 | D:2      | Killed Natasha
  1478 | D:2      | Reached XP level 4. HP: 21/24 MP: 2/8
  1483 | D:2      | Noticed Natasha
  1488 | D:2      | Killed Natasha
  1489 | D:2      | Reached skill level 5 in Earth Magic
  2012 | D:2      | Reached XP level 5. HP: 26/28 MP: 1/10
  4046 | D:4      | Noticed a black bear
  4050 | D:4      | Killed a black bear
  4051 | D:4      | Reached skill level 1 in Maces & Flails
  4051 | D:4      | Reached skill level 6 in Earth Magic
  4051 | D:4      | Reached XP level 6. HP: 32/32 MP: 1/12
  4784 | D:4      | Identified the +4 ring mail "Sewoot" {rF+ rCorr MP+9 Str+3}
  5096 | D:5      | Entered Level 5 of the Dungeon
  5131 | D:5      | Reached skill level 1 in Armour
  5199 | D:5      | Noticed a water moccasin
  5211 | D:5      | Killed a water moccasin
  5212 | D:5      | Reached skill level 1 in Conjurations
  5212 | D:5      | Reached XP level 7. HP: 29/37 MP: 6/13
  5510 | D:5      | Reached skill level 5 in Spellcasting
  5510 | D:5      | Reached skill level 7 in Earth Magic
  5568 | D:5      | Killed from afar by an orc priest

Illustrated notes

Levels and vault maps discovered:
D:1:      amcnicky_arrival_underground_garden, layout_loops_ring,
          ebering_ecumenical_altar_ruins
D:2:      kennysheep_big_flooded_room, layout_rooms, serial_shops, shop,
          patterned_corridor, uniq_natasha, uniq_robin
D:3:      layout_basic, serial_corexii_hall, corexii_hall_statues_deadend,
          corexii_hall_statues_s
D:4:      layout_loops_ring
D:5:      layout_loops_corners, temple_fountains, cheibrodos_gnoll_hut,
          uniq_eustachio

Skill      XL: |  1  2  3  4  5  6  7 |
---------------+----------------------+-----
Earth Magic    | 4 5 6 7 |  7.2
Spellcasting   | 3 4 5 |  5.1
Maces & Flails | 1 |  1.4
Armour         | 1 2 |  2.1
Dodging        | 2 |  2.0
Conjurations   | 1 |  1.2
Fighting       | |  0.3
Stealth        | |  2.1
Transmutations | |  0.7

Action                   |  1- 3 |  4- 6 |  7- 9 || total
-------------------------+-------+-------+-------++-------
Melee: Whip              |    15 |   108 |     7 ||   130
 Cast: Sandblast         |    50 |    26 |    10 ||    86
       Stone Arrow       |       |    44 |     8 ||    52
  Use: Scroll            |     1 |     7 |       ||     8
Armor: Robe              |     8 |    45 |     1 ||    54
       Ring mail         |       |       |     1 ||     1
Dodge: Dodged            |    13 |    84 |    10 ||   107
